 Dungeon Crawl Stone Soup version 0.23.2 (webtiles) character file.

Game seed: 13201880058667400047

1779 Gadfly the Basher (level 9, -2/52 HPs)
             Began as a Gargoyle Fighter on Apr 7, 2019.
             Was a Follower of the Shining One.
             Killed from afar by a kobold (19 damage)
             ... with a wand of acid (9)
             ... on level 7 of the Dungeon.
             The game lasted 00:08:10 (5069 turns).

Gadfly the Basher (Gargoyle Fighter)                Turns: 5069, Time: 00:08:11

Health: -2/52      AC: 15    Str: 22    XL:     9   Next: 8%
Magic:  12/12      EV:  7    Int:  9    God:    the Shining One [*.....]
Gold:   293        SH:  9    Dex: 10    Spells: 7/8 levels left

rFire    . . .     SeeInvis +   u - +3 hand axe (elec)
rCold    . . .     Gourm    .   c - +0 shield
rNeg     + . .     Faith    .   b - +0 scale mail
rPois    ∞         Spirit   .   l - +0 helmet
rElec    +         Reflect  .   m - +0 cloak
rCorr    .         Harm     .   (no gloves)
MR       .....                  (no boots)
Stlth    ..........             (no amulet)
HPRegen  0.17/turn              e - ring of wizardry
MPRegen  0.13/turn              h - ring of see invisible

@: glowing
A: negative energy resistance 1, electricity resistance, unbreathing,
petrification resistance, rot immunity, AC +6
a: Renounce Religion


You were on level 7 of the Dungeon.
You worshipped the Shining One.
The Shining One was aware of your devotion.
You were not hungry.

You visited 2 branches of the dungeon, and saw 8 of its levels.

You collected 293 gold pieces.

Inventory:

Hand Weapons
 a - a +0 flail
 u - a +3 hand axe of electrocution (weapon)
Armour
 b - a +0 scale mail (worn)
 c - a +0 shield (worn)
 l - a +0 helmet (worn)
 m - a +0 cloak (worn)
Jewellery
 e - a ring of wizardry (left hand)
 h - a ring of see invisible (right hand)
Wands
 j - a wand of digging (5)
 t - a wand of iceblast (13)
 x - a wand of enslavement (10)
Scrolls
 o - 4 scrolls of remove curse
 w - a scroll of random uselessness {unknown}
 y - a scroll of enchant armour {unknown}
Potions
 d - 3 potions of might
 i - a potion of brilliance {unknown}
 k - a potion of lignification {unknown}
 n - a potion of cancellation {unknown}
 p - 2 potions of curing {unknown}
 q - 2 potions of flight {unknown}
 r - a potion of invisibility {unknown}
 s - a potion of berserk rage {unknown}
 v - 2 potions of agility {unknown}
Comestibles
 f - 11 rations
 g - 10 chunks of flesh


   Skills:
 + Level 3.8 Fighting
 * Level 9.6 Maces & Flails
 + Level 3.8 Armour
 + Level 3.8 Shields
 * Level 5.0 Invocations
 * Level 2.0 Evocations


You had 7 spell levels left.
You knew the following spells:

 Your Spells              Type           Power        Failure   Level  Hunger
a - Confusing Touch       Hex            #.....       85%         1    ##.....

Your spell library contained the following spells:

 Spells                   Type           Power        Failure   Level  Hunger
 Confuse                  Hex            #.......     99%         3    ####...
 Gell's Gravitas          Tloc           #.........   99%         3    ####...
 Petrify                  Tmut/Erth      #.......     100%        4    #####..
 Metabolic Englaciation   Hex/Ice        #.........   100%        5    ######.
 Yara's Violent Unravell  Hex/Tmut       #.........   100%        5    ######.


Dungeon Overview and Level Annotations

Branches:
Dungeon (7/15)             Temple (1/1) D:4

Altars:
Ashenzari
Dithmenos
Gozag
Okawaru
Qazlal
Sif Muna
Trog
Wu Jian
Xom
The Shining One


Innate Abilities, Weirdness & Mutations

You are resistant to torment.
Your stone body is resilient. (AC +6)
You are immune to poison.
You resist negative energy. (rN+)
You are resistant to electric shocks. (rElec)
You can survive without breathing.
You are immune to petrification.
You are immune to rotting.


Message History

You kill the kobold!
You hit the orc. Lightning courses through the orc!
You kill the orc!
The kobold unwields a +0 dagger.
The kobold wields a +0 blowgun.
The kobold shoots a poisoned needle.
The poisoned needle hits you!
A kobold comes into view. It is wielding a +0 whip.
You see here a stone.
The kobold shouts!
You hit the kobold.
You kill the kobold!
The kobold zaps a wand.
The bolt of acid hits the orc!
The orc is splashed with acid!
The acid corrodes the orc!
The orc dies!
The bolt of acid hits you!!
You are splashed with acid!
You are too injured to fight recklessly!
You are too injured to fight recklessly!
Unknown command.
The big kobold throws a stone.
You block the stone.
The kobold zaps a wand.
The bolt of acid hits you!!
You die...

##### ##
....
#####.
#...
##.....
#.KK###
......
#.))##
#.....
#()#
#.....
##@#
###.....
#.##
#.......
#.(##
#.#....(
##..###
#.#....#
##(..#
##.####.#
###.##
#<.# #.#
#..# #.##
#..
####)###.#
### .##
#........#
#


You could see a big kobold and a kobold.

Vanquished Creatures
  A hippogriff (D:7)
  A black bear (D:6)
  An ice beast (D:5)
  2 centaurs
  An ogre (D:4)
  A bullfrog (D:7)
  A big kobold (D:4)
  2 scorpions
  2 howler monkeys (D:7)
  A crimson imp (D:7)
  A centaur zombie (D:6)
  2 hounds
  3 orc priests
  Crazy Yiuf (D:6)
  A bullfrog skeleton (D:5)
  2 iguanas
  3 orc wizards
  6 worker ants
  Ijyb (D:4)
  2 hound zombies
  A howler monkey zombie (D:6)
  Robin (D:2)
  3 gnolls (D:2)
  A howler monkey skeleton (D:4)
  5 adders
  2 oozes
  3 worms
  A dart slug (D:1)
  5 leopard geckos
  14 orcs
  4 ball pythons
  5 bats
  2 giant cockroaches
  8 goblins
  14 hobgoblins
  10 jackals
  11 kobolds
  5 quokkas
  3 frilled lizards
  A jackal skeleton (D:4)
  A leopard gecko skeleton (D:4)
  2 quokka skeletons (D:4)
  11 rats
148 creatures vanquished.

Vanquished Creatures (others)
  An orc (D:7)
1 creature vanquished.

Grand Total: 149 creatures vanquished

Notes
Turn   | Place    | Note
-------+----------+-------------------------------------------
     0 | D:1      | Gadfly the Gargoyle Fighter began the quest for the Orb.
     0 | D:1      | Reached XP level 1. HP: 14/14 MP: 1/1
   176 | D:1      | Reached XP level 2. HP: 18/19 MP: 2/2
   433 | D:1      | Reached skill level 3 in Maces & Flails
   769 | D:2      | Reached XP level 3. HP: 23/23 MP: 3/3
   869 | D:2      | Reached skill level 4 in Maces & Flails
   886 | D:2      | Found a faded altar of an unknown god.
   946 | D:2      | Reached XP level 4. HP: 28/28 MP: 4/4
  1024 | D:2      | Noticed Robin
  1038 | D:2      | Killed Robin
  1210 | D:2      | Reached skill level 5 in Maces & Flails
  1210 | D:2      | Reached XP level 5. HP: 13/32 MP: 5/5
  2050 | D:3      | Found an iron altar of Okawaru.
  2115 | D:3      | Found a deep blue altar of Sif Muna.
  2499 | D:4      | Found a staircase to the Ecumenical Temple.
  2513 | D:4      | Noticed a big kobold
  2514 | D:4      | Found a shattered altar of Ashenzari.
  2514 | D:4      | Found a stormy altar of Qazlal.
  2516 | Temple   | Entered the Ecumenical Temple
  2536 | Temple   | Became a worshipper of the Shining One
  2566 | D:4      | Killed a big kobold
  2566 | D:4      | Reached skill level 6 in Maces & Flails
  2566 | D:4      | Reached XP level 6. HP: 32/37 MP: 6/6
  2694 | D:4      | Found an ornate altar of the Wu Jian Council.
  3040 | D:4      | Reached skill level 7 in Maces & Flails
  3133 | D:4      | Noticed Ijyb
  3147 | D:4      | Killed Ijyb
  3147 | D:4      | Reached XP level 7. HP: 39/41 MP: 7/7
  3244 | D:4      | Reached skill level 1 in Invocations
  3749 | D:5      | Entered Level 5 of the Dungeon
  3750 | D:5      | Reached * piety under the Shining One
  3769 | D:5      | Reached skill level 8 in Maces & Flails
  3968 | D:5      | Reached XP level 8. HP: 41/46 MP: 10/10
  4412 | D:6      | You fall through a shaft!
  4426 | D:7      | Reached skill level 9 in Maces & Flails
  4456 | D:7      | Found an opulent altar of Gozag.
  4549 | D:6      | Found a runed translucent door.
  4550 | D:6      | Noticed Crazy Yiuf
  4628 | D:6      | Learned a level 1 spell: Confusing Touch
  4925 | D:6      | Killed Crazy Yiuf
  4974 | D:7      | Noticed a hippogriff
  4978 | D:7      | Reached skill level 1 in Evocations
  4984 | D:7      | Killed a hippogriff
  4994 | D:7      | Reached XP level 9. HP: 42/52 MP: 12/12
  5049 | D:7      | Reached skill level 5 in Invocations
  5062 | D:7      | Identified the +1 chain mail "Lapoaxkoki" {Str+5}
  5069 | D:7      | Killed from afar by a kobold

Skill      XL: |  1  2  3  4  5  6  7  8  9 |
---------------+----------------------------+-----
Maces & Flails | 3 4 5 6 7 8 9 |  9.6
Invocations    | 3 4 5 |  5.0
Evocations     | 1 2 |  2.0
Fighting       | |  3.8
Armour         | |  3.8
Shields        | |  3.8

Action                   |  1- 3 |  4- 6 |  7- 9 || total
-------------------------+-------+-------+-------++-------
Melee: Flail             |   114 |   159 |       ||   273
       Hand axe          |       |    46 |   129 ||   175
  Use: Scroll            |     1 |     2 |     3 ||     6
  Eat: Chunk             |       |     8 |     6 ||    14
Armor: Scale mail        |    54 |   103 |    76 ||   233
Dodge: Dodged            |    29 |    51 |    31 ||   111
Block: Shield            |    57 |    88 |    56 ||   201
